Map: 2000 애트모스피어 - 래더

Players

Scarlett

  • Race: Zerg Zerg

Zoun - Winner!

  • Race: Protoss Protoss

Event: IEM Katowice 2022

VOD

Have the link to the VOD?

Description

Time

  • Played on: Feb. 25, 2022, 12:18 p.m.
  • Length: 8:29

All games in this series

Show
View Real Time Build Order
Export as new Build Order

Scarlett Zerg 

Build Orders: Hatch First 

Get SALT Encoding   

  12  0:00  Drone  
  13  0:12  Overlord  
  13  0:16  Drone  
  14  0:30  Drone x2  
  16  0:42  Drone  
  17  0:50  Hatchery  
  17  0:54  Drone  
  17  0:57  Drone  
  18  1:08  Extractor  
  17  1:12  Spawning Pool  
  17  1:16  Drone  
  17  1:20  Drone  
  18  1:28  Drone  
  19  1:39  Drone  
  20  1:50  Overlord  
  20  1:58  Queen  
  22  2:03  Drone, Queen, Zergling x2  
  26  2:12  Metabolic Boost  
  26  2:13  Drone x2  
  28  2:22  Drone  
  29  2:24  Drone  
  30  2:34  Hatchery  
  29  2:37  Drone  
  29  2:42  Queen  
  32  2:45  Drone  
  32  2:48  Overlord  
  33  2:51  Zergling x2  
  33  2:56  Drone  
  35  3:03  Drone  
  35  3:07  Drone, Queen  
  35  3:08  Drone x2  
  35  3:10  Drone  
  41  3:14  Overlord  
  41  3:18  Drone x2  
  43  3:21  Drone  
  43  3:24  Overlord  
  44  3:34  Overlord  
  44  3:40  Overlord  
  44  3:44  Drone x5  
  44  3:46  Queen  
  44  3:47  Drone  
  52  3:51  Drone x2  
  52  3:53  Drone x2  
  56  3:58  Drone  
  56  3:59  Drone x2  
  59  4:05  Roach Warren  
  58  4:10  Drone x2, Overlord  
  58  4:11  Drone  
  58  4:15  Drone  
  58  4:16  Drone x2  
  64  4:19  Zergling x2  
  65  4:28  Zergling x6  
  65  4:30  Drone x2  
  68  4:36  Extractor x2  
  66  4:39  Drone x2  
  66  4:44  Lair  
  68  4:45  Drone  
  68  4:46  Drone x2  
  68  4:48  Extractor  
  68  4:49  Evolution Chamber  
  68  4:50  Queen  
  71  4:53  Drone x5  
  76  5:00  Overlord  
  76  5:02  Drone x2  
  76  5:03  Extractor  
  76  5:04  Drone x3  
  79  5:09  Drone x2  
  79  5:12  Overlord  
  81  5:18  Spore Crawler, Zerg Missile Weapons Level 1  
  81  5:21  Spore Crawler, Roach x5  
  81  5:22  Overlord x2  
  89  5:30  Zergling x2  
  90  5:36  Roach x4  
  88  5:44  Roach x3  
  88  5:45  Roach x2  
  88  5:50  Roach x4  
  93  5:57  Roach x2  
  89  6:05  Zergling x6  
  89  6:09  Roach  
  90  6:15  Roach x2, Zergling x4  
  91  6:21  Drone  
  91  6:22  Zergling x4  
  86  6:30  Drone x4  
  86  6:36  Drone x3  
  86  6:42  Drone x3  
  86  6:48  Drone x3  
  86  6:51  Drone x2  
  83  6:56  Drone x2  
  83  6:59  Glial Reconstitution  
  83  7:05  Drone x2  
  85  7:09  Drone  
  86  7:17  Drone  
  86  7:22  Hatchery  
  86  7:31  Overlord  
  86  7:34  Overseer  
  86  7:35  Queen  
  88  7:41  Queen  
  90  7:47  Spire  
  89  7:52  Roach x2  
  78  7:59  Roach x4  
  82  8:05  Roach x2  
Show
View Real Time Build Order
Export as new Build Order

Zoun Protoss - Winner!

Build Orders: 1 Gate Expand, Mass Adepts 

Get SALT Encoding   

  12  0:00  Probe  
  13  0:12  Probe  
  14  0:19  Pylon  
  14  0:24  Probe  
  15  0:37  Probe (Chrono Boost)  
  15  0:39  Gateway  
  16  0:46  Probe (Chrono Boost)  
  16  0:49  Assimilator  
  17  0:51  Probe (Chrono Boost)  
  18  1:03  Probe  
  19  1:15  Probe  
  20  1:26  Nexus  
  20  1:36  Cybernetics Core  
  20  1:39  Probe  
  21  1:44  Assimilator  
  21  1:51  Probe  
  21  1:54  Pylon  
  22  2:03  Probe  
  23  2:09  Adept (Chrono Boost)  
  23  2:15  Probe  
  26  2:18  Warp Gate  
  26  2:21  Robotics Facility  
  26  2:27  Probe (Chrono Boost)  
  27  2:32  Stalker  
  29  2:38  Probe (Chrono Boost)  
  29  2:39  Probe (Chrono Boost)  
  31  2:47  Probe (Chrono Boost)  
  31  2:48  Probe (Chrono Boost)  
  33  2:52  Probe (Chrono Boost)  
  33  2:57  Probe  
  35  3:04  Probe  
  36  3:10  Warp Prism (Chrono Boost), Gateway  
  38  3:14  Probe  
  38  3:18  Adept  
  41  3:21  Probe  
  41  3:26  Twilight Council  
  42  3:34  Probe x2  
  44  3:36  Pylon  
  44  3:42  Observer (Chrono Boost)  
  45  3:51  Probe  
  45  3:52  Assimilator  
  45  3:54  Probe  
  45  3:55  Gateway, Resonating Glaives (Chrono Boost)  
  47  3:56  Gateway  
  47  4:02  Pylon  
  47  4:06  Adept  
  47  4:07  Adept  
  47  4:08  Probe  
  52  4:14  Pylon  
  52  4:22  Gateway  
  52  4:30  Gateway  
  52  4:33  Adept x2  
  52  4:35  Pylon, Probe x2  
  58  4:51  Pylon  
  58  4:55  Adept x4  
  66  5:00  Pylon, Observer  
  66  5:15  Adept x4  
  66  5:17  Adept  
  76  5:28  Robotics Bay  
  76  5:39  Adept x6  
  86  5:53  Probe  
  85  6:03  Adept x6  
  89  6:17  Disruptor (Chrono Boost)  
  84  6:27  Gravitic Drive, Adept x3  
  84  6:28  Adept x3  
  76  6:49  Disruptor  
  67  6:57  Adept x6  
  67  7:00  Assimilator  
  71  7:17  Probe x2  
  73  7:27  Adept x2  
  73  7:28  Adept x4  
  85  7:32  Nexus  
  85  7:34  Pylon  
  85  7:38  Probe x2  
  86  7:48  Adept x2  
  86  7:50  Probe  
  87  8:14  Adept x4  
  87  8:15  Adept x2  

Tags
 
Add a new tag
Caveats
  • Supply blocks, unpowered buildings, or Contaminate may cause inaccurate times.
  • Supply counts are checked every 10 seconds.